 Dungeon Crawl Stone Soup version 0.31-a0-986-g5e6e4ef867 (webtiles) character file.

Game seed: 17804111337663457892

79 Dittersdorf the Shield-Bearer (level 4, -7/35 HPs)
             Began as a Human Fighter on Nov 8, 2023.
             Succumbed to an orc's poison
             ... on level 3 of the Dungeon.
             The game lasted 00:01:59 (1937 turns).

Dittersdorf the Shield-Bearer (Human Fighter)       Turns: 1937, Time: 00:02:00

Health: -7/35      AC: 15    Str: 18    XL:     4   Next: 64%
Magic:  4/4        EV:  9    Int:  8    God:
Gold:   95         SH:  5    Dex: 13    Spells: 3/3 levels left

rFire   . . .        a - +0 long sword
rCold   . . .        c - +0 buckler
rNeg    . . .        b - +0 scale mail
rPois   .            (no helmet)
rElec   .            q - +2 cloak
rCorr   .            s - +0 pair of gloves
SInv    .            (no boots)
Will    .....        o - amulet of the acrobat Stlth
                     j - +4 ring of protection
HPRegen 0.25/turn    (no ring)
MPRegen 0.09/turn

%: acrobat
@: lethally poisoned (-7 -> -47)
A: no striking features
a: no special abilities


You were on level 3 of the Dungeon.
You visited 1 branch of the dungeon, and saw 3 of its levels.

You collected 95 gold pieces.

Inventory:

Hand Weapons
 a - a +0 long sword (weapon)
Missiles
 u - 4 poisoned darts (quivered)
Armour
 b - a +0 scale mail (worn)
 c - a +0 buckler (worn)
 q - a +2 cloak (worn)
 s - a +0 pair of gloves (worn)
Jewellery
 j - a +4 ring of protection (left hand)
 o - an amulet of the acrobat (around neck)
Scrolls
 f - a scroll of enchant weapon {unknown}
 g - 2 scrolls of enchant armour {unknown}
 h - a scroll of revelation {unknown}
 i - a scroll of immolation {unknown}
 k - a scroll of butterflies {unknown}
 l - a scroll of vulnerability {unknown}
 n - 3 scrolls of identify {unknown}
 t - a scroll of teleportation {unknown}
Potions
 d - 2 potions of might
 e - 7 potions of curing {unknown}
 m - a potion of degeneration {unknown}
 p - a potion of haste {unknown}
 r - a potion of enlightenment {unknown}


   Skills:
 + Level 3.5 Fighting
 + Level 2.9 Long Blades
 + Level 3.5 Armour
 + Level 3.5 Shields


You had 3 spell levels left.
You didn't know any spells.
Your spell library contained the following spells:

 Spells                   Type           Power      Damage    Failure   Level
 Freeze                   Ice            0%         1d3       86%         1
 Magic Dart               Conj           0%         1d3       86%         1
 Blink                    Tloc           0%         N/A       95%         2
 Call Imp                 Summ           0%         N/A       95%         2
 Frozen Ramparts          Ice            0%         1d1       99%         3
 Hailstorm                Conj/Ice       0%         3d3       99%         3
 Mephitic Cloud           Conj/Pois/Air  0%         N/A       99%         3
 Manifold Assault         Tloc           0%         N/A       100%        4


Dungeon Overview and Level Annotations

Branches:
Dungeon (3/15)

Altars:
Okawaru


Message History

You are too injured to fight recklessly!
You are too injured to fight recklessly!
You are too injured to fight recklessly!
You are too injured to fight recklessly!
You are too injured to fight recklessly!
You are too injured to fight recklessly!
You are too injured to fight recklessly!
You are too injured to fight recklessly!
You are too injured to fight recklessly!
You are too injured to fight recklessly!
You are too injured to fight recklessly!
You are too injured to fight recklessly!
You are too injured to fight recklessly!
You are too injured to fight recklessly!
You are too injured to fight recklessly!
You are too injured to fight recklessly!
You are too injured to fight recklessly!
You are too injured to fight recklessly!
You are too injured to fight recklessly!
You hit the orc priest but do no damage.
The orc priest is severely wounded.
* * * LOW HITPOINT WARNING * * *
You feel very sick. You block the adder's attack.
The orc hits you but does no damage.
You are more poisoned.
The orc priest closely misses you. The adder bites you but does no damage.
You hit the orc priest but do no damage.
The orc priest is severely wounded.
* * * LOW HITPOINT WARNING * * *
You feel extremely sick. The orc hits you but does no damage.
You are more poisoned.
The adder bites you but does no damage. The orc priest closely misses you.
You block the adder's attack.
The orc priest calls down the wrath of Beogh upon you.
You barely resist. The orc hits you but does no damage.
You are more poisoned.
You barely miss the orc priest.
The orc priest is severely wounded.
You die...

# ##### #. #.... #..
#.### #...######## #.###
##....)o....########....
.'....o@S...............
###....###.##########....
..###.###.###### #....
#.# #..........# #####
#.###..........# #######
#. #.........S....#
.......
###'####.####...(.....#
....... .......#.#
#.........# .......
.........# #.........#
###....


You could see an orc priest, an adder and an orc.

Vanquished Creatures
  An adder (D:2)
  A worm (D:2)
  A dart slug (D:1)
  2 orcs (D:3)
  4 bats
  3 endoplasms
  14 giant cockroaches
  2 goblins
  4 hobgoblins
  4 jackals (D:1)
  3 kobolds
  5 quokkas
  3 ball pythons
  3 frilled lizards
  4 rats
54 creatures vanquished.

Notes
Turn   | Place    | Note
-------+----------+-------------------------------------------
     0 | D:1      | Dittersdorf the Human Fighter began the quest for the Orb.
     0 | D:1      | Reached XP level 1. HP: 18/18 MP: 1/1
   120 | D:1      | Reached XP level 2. HP: 24/24 MP: 2/2
   481 | D:1      | Reached XP level 3. HP: 26/29 MP: 3/3
  1358 | D:2      | Found an iron altar of Okawaru.
  1413 | D:2      | Reached XP level 4. HP: 35/35 MP: 4/4
  1937 | D:3      | Succumbed to an orc's poison

Illustrated notes

Levels and vault maps discovered:
D:1:      psy_arrival_basics, layout_basic, serial_rivers,
          chequers_serial_rivers_micro_e, chequers_serial_rivers_room_a,
          chequers_serial_rivers_micro_b, chequers_serial_rivers_micro_a,
          chequers_serial_rivers_small_b
D:2:      minmay_roachtagon, layout_basic, basic_altar
D:3:      layout_basic, dilly_ecumenical_altar_fadedgnrine

Action                     |  1- 3 |  4- 6 || total
---------------------------+-------+-------++-------
  Melee: Long sword        |   116 |    52 ||   168
 Armour: Scale mail        |   103 |    56 ||   159
  Dodge: Dodged            |    62 |    36 ||    98
  Block: Buckler           |    26 |    22 ||    48

Table legend: (Time is in decaauts)
 A = Elapsed time spent in this place.
 B = Non-inter-level travel time spent in this place.
 C = Inter-level travel time spent in this place.
 D = Time resting spent in this place.
 E = Time spent auto-exploring this place.
 F = Levels seen in this place.
 G = Mean time per level.
                   A        B        C        D        E       F      G
               +--------+--------+--------+--------+--------+-----+--------+
         Total |   1995 |   1926 |     69 |      0 |   1503 |   3 |  665.0 |
       Dungeon |   1995 |   1926 |     69 |      0 |   1503 |   3 |  665.0 |
               +--------+--------+--------+--------+--------+-----+--------+

Top non-repeatable levels by time:
     D:1: 1026 daAuts
     D:2: 602 daAuts
     D:3: 366 daAuts
